 Dungeon Crawl Stone Soup version 0.24-a0-117-g53b51606c3 (webtiles) character file.

Game seed: 0

1009 Morbidden the Shield-Bearer (level 8, 69/69 HPs)
             Began as a Hill Orc Fighter on Feb 18, 2019.
             Was an Initiate of Yredelemnul.
             Quit the game on level 5 of the Dungeon.
             The game lasted 00:08:37 (3357 turns).

Morbidden the Shield-Bearer (Hill Orc Fighter)      Turns: 3357, Time: 00:08:38

Health: 69/69      AC:  8    Str: 20    XL:     8   Next: 21%
Magic:  12/12      EV:  7    Int:  9    God:    Yredelemnul [......]
Gold:   168        SH: 15    Dex: 10    Spells: 12/12 levels left

rFire    + . .     SeeInvis .   m - +0 scimitar
rCold    . . .     Gourm    .   h - +0 large shield
rNeg     . . .     Faith    .   k - +0 ring mail (curse)
rPois    .         Spirit   .   l - +0 helmet
rElec    .         Reflect  .   o - +0 cloak
rCorr    .         Harm     .   (no gloves)
MR       .....                  (no boots)
Stlth    ..........             c - amulet of regeneration
HPRegen  0.61/turn              p - ring of protection from fire
MPRegen  0.13/turn              (no ring)

@: no status effects
A: no striking features
a: Renounce Religion


You were on level 5 of the Dungeon.
You worshipped Yredelemnul.
Yredelemnul was noncommittal.
You were not hungry.

You visited 1 branch of the dungeon, and saw 5 of its levels.

You collected 168 gold pieces.

Inventory:

Hand Weapons
 m - a +0 scimitar (weapon)
Armour
 h - a +0 large shield (worn)
 k - a cursed +0 ring mail (worn)
 l - a +0 helmet (worn)
 o - a +0 cloak (worn)
 u - a +0 chain mail
Jewellery
 c - an amulet of regeneration (around neck)
 p - a ring of protection from fire (left hand)
Scrolls
 a - 4 scrolls of identify
 j - 2 scrolls of immolation
 n - a scroll of magic mapping {unknown}
 s - a scroll of blinking {unknown}
 t - a scroll of fear {unknown}
Potions
 b - 2 potions of resistance
 d - a potion of might
 g - 2 potions of curing {unknown}
 i - 2 potions of lignification {unknown}
 r - a potion of cancellation {unknown}
Comestibles
 f - 6 rations
 v - 4 chunks of flesh


   Skills:
 * Level 5.6 Fighting
 + Level 5.3 Long Blades
 + Level 4.4 Armour
 + Level 1.8 Dodging
 + Level 0.1 Stealth
 + Level 5.7 Shields
 * Level 2.7 Spellcasting
 * Level 2.3 Invocations


You had 12 spell levels left.
You didn't know any spells.
Your spell library was empty.

Dungeon Overview and Level Annotations

Branches:
Dungeon (5/15)
 Temple: D:4-7

Altars:
Nemelex Xobeh
Yredelemnul


Message History

Things that are here:
a +1 dire flail of protection; a +0 ring mail; the human skeleton of Edmund There isn't anything to butcher here.
Unknown command.
You start resting.
Magic restored.
You start resting.
Your magical contamination has completely faded away.
You start resting.
HP restored.
Quiver which item? (- for none, * to show all) (? for menu, Esc to quit)
Okay, then.
Quiver which item? (- for none, * to show all) (? for menu, Esc to quit)
You don't have any such object.
Quiver which item? (- for none, * to show all) (? for menu, Esc to quit)
Okay, then.
Unknown command.
Quiver which item? (- for none, * to show all) (? for menu, Esc to quit)
Okay, then.
Are you sure you want to abandon this character and quit the game? (Confirm with "yes".)

.### .. ...#######.#
........... #.......>..
###### #.......... #
.....# #..........
?##.... #......... ....#
#.@.......
#..############.........
........_.......########
#..############.#....#
##..### #<.....# ##.§.#
#######.....#
#####.####.!.........#
...........######.÷..#
######...[.# #)...#


There were no monsters in sight!

Vanquished Creatures
  Grinder (D:5)
  Edmund (D:5)
  5 scorpions
  A hound (D:4)
  An orc priest (D:5)
  3 orc wizards (D:4)
  5 worker ants
  A gnoll (D:1)
  9 adders
  An ooze (D:2)
  An adder skeleton (D:4)
  3 dart slugs
  4 leopard geckos
  3 orcs
  4 ball pythons
  3 giant cockroaches (D:1)
  11 goblins
  9 hobgoblins
  A quokka (D:2)
  14 bats
  5 frilled lizards
  A jackal skeleton (D:4)
  4 kobolds (D:1)
  9 rats
100 creatures vanquished.

Notes
Turn   | Place    | Note
-------+----------+-------------------------------------------
     0 | D:1      | Morbidden the Hill Orc Fighter began the quest for the Orb.
     0 | D:1      | Reached XP level 1. HP: 19/19 MP: 1/1
    65 | D:1      | Reached XP level 2. HP: 13/27 MP: 1/3
   417 | D:1      | Reached skill level 1 in Spellcasting
   471 | D:1      | Reached XP level 3. HP: 33/33 MP: 4/4
  1142 | D:2      | Reached XP level 4. HP: 26/40 MP: 5/5
  1519 | D:2      | Reached XP level 5. HP: 47/47 MP: 7/7
  2031 | D:3      | HP: 2/47 [poisoned by a scorpion]
  2098 | D:3      | Reached skill level 1 in Dodging
  2098 | D:3      | Reached XP level 6. HP: 35/53 MP: 8/8
  2666 | D:4      | Found a basalt altar of Yredelemnul.
  2673 | D:4      | Reached skill level 5 in Fighting
  2673 | D:4      | Reached XP level 7. HP: 59/61 MP: 10/10
  2675 | D:4      | Became a worshipper of Yredelemnul the Dark
  3151 | D:5      | Entered Level 5 of the Dungeon
  3168 | D:5      | Reached skill level 1 in Invocations
  3199 | D:5      | Found a sparkling altar of Nemelex Xobeh.
  3206 | D:5      | Reached skill level 5 in Shields
  3213 | D:5      | Noticed Grinder
  3275 | D:5      | Noticed Edmund
  3280 | D:5      | Killed Grinder
  3280 | D:5      | Reached skill level 5 in Long Blades
  3280 | D:5      | Reached XP level 8. HP: 47/69 MP: 11/11
  3301 | D:5      | Killed Edmund
  3357 | D:5      | Quit the game

Levels and vault maps discovered:
D:1:      minmay_arrival_jagged, layout_basic, minmay_worlds_worst_comb
D:2:      layout_basic, first_ration
D:3:      layout_basic
D:4:      layout_basic, yredelemnul_altar_generic
D:5:      layout_rooms, overflow_temple_1_default, minmay_overflow_temple_hex,
          uniq_grinder, uniq_crazy_yiuf_cottage, uniq_edmund

Skill      XL: |  1  2  3  4  5  6  7 |
---------------+----------------------+-----
Spellcasting   | 1 2 |  2.7
Fighting       | 4 5 |  5.6
Long Blades    | 3 4 5 |  5.3
Shields        | 4 5 |  5.7
Dodging        | 1 |  1.8
Armour         | 4 |  4.4
Invocations    | 2 |  2.3
Stealth        | |  0.1

Action                   |  1- 3 |  4- 6 |  7- 9 || total
-------------------------+-------+-------+-------++-------
Melee: Long sword        |   129 |   172 |       ||   301
       Scimitar          |       |    71 |    85 ||   156
  Use: Scroll            |     2 |     2 |     1 ||     5
       Potion            |       |       |     1 ||     1
  Eat: Chunk             |       |     7 |     2 ||     9
Armor: Scale mail        |    37 |       |       ||    37
       Ring mail         |    15 |   114 |    14 ||   143
Dodge: Dodged            |    24 |    49 |    11 ||    84
Block: Shield            |    13 |       |       ||    13
       Large shield      |    92 |   221 |    62 ||   375
       Rpst.: Long sword |     9 |    13 |       ||    22
       Scimitar          |       |     3 |     2 ||     5

Table legend:
 A = Non-vault XP
 B = Vault XP
 C = Vault XP percentage of total XP
 D = Non-vault monster count
 E = Vault monster count
 F = Vault count percentage of total count
                 A         B        C        D         E       F
            +---------+---------+-------+---------+---------+-------
      Total |     988 |     454 |  31.5 |      95 |       5 |   5.0
            +---------+---------+-------+---------+---------+-------
        D:1 |      65 |       6 |   8.5 |      31 |       3 |   8.8
        D:2 |      96 |       0 |   0.0 |      24 |       0 |   0.0
        D:3 |     176 |       0 |   0.0 |      18 |       0 |   0.0
        D:4 |     434 |       0 |   0.0 |      16 |       0 |   0.0
        D:5 |     217 |     448 |  67.4 |       6 |       2 |  25.0
            +---------+---------+-------+---------+---------+-------
